AoeStats
← Error_ID#10T

Arabia

506006180Analyzed
1v1 RM · 22d ago on Sep 12, 2026· 46m 30s· 2 players
Game mode
Random Map
Map size
Tiny (2 player)
Population
200
Speed
Normal
Resources
Standard
Victory
Conquest
Starting age
Dark Age
Ending age
Imperial Age
RankedLock teamsTeams togetherTeam positionsShared explorationLock speedFull tech treeHidden civsTurbo modeCheats
Victory
Defeat
🇺🇸 Spanish · United States
807
+14
🇦🇷 Bengalis · Argentina
753
-14
Aron Vikingo
3:18 Loom
10:48 Feudal Age
11:31 Double-Bit Axe
11:50 Town Watch
11:47 Horse Collar
13:04 Wheelbarrow
19:48 Castle Age
19:28 Stone Mining
21:09 Light Cavalry
22:21 Bow Saw
22:22 Gold Mining
22:35 Murder Holes
25:12 Fletching
25:48 Ballistics
27:00 Heavy Plow
28:27 Hand Cart
33:06 Imperial Age
31:05 Bodkin Arrow
32:10 Paiks
32:12 Town Patrol
32:10 Elite Skirmisher
33:00 Padded Archer Armor
32:48 Crossbowman
34:13 Conscription
35:59 Crop Rotation
36:33 Two-Man Saw
36:00 Bracer
38:04 Chemistry
37:29 Forging
37:25 Scale Barding Armor
37:21 Scale Mail Armor
38:03 Heavy Scorpion
39:48 Leather Archer Armor
40:21 Iron Casting
40:20 Block Printing
42:05 Pikeman
44:45 Blast Furnace
44:00 Chain Mail Armor
44:16 Ring Archer Armor
43:27 Arbalester
45:32 Chain Barding Armor
46:30 Mahayana
Error_ID#10T
6:54 Loom
11:56 Feudal Age
17:46 Castle Age
16:19 Horse Collar
21:19 Pikeman
21:54 Stone Mining
24:07 Wheelbarrow
23:21 Town Watch
27:25 Masonry
27:07 Double-Bit Axe
27:28 Heavy Plow
27:24 Gold Mining
28:56 Fervor
29:15 Hand Cart
29:01 Elite Skirmisher
30:09 Thumb Ring
31:16 Stone Shaft Mining
31:06 Bow Saw
31:10 Padded Archer Armor
31:03 Fletching
32:48 Leather Archer Armor
32:29 Bodkin Arrow
34:01 Ballistics
34:31 Squires
37:17 Imperial Age
37:52 Scale Mail Armor
38:02 Forging
37:37 Capped Ram
38:42 Bloodlines
38:32 Husbandry
37:54 Light Cavalry
38:52 Chain Mail Armor
38:39 Bracer
39:09 Ring Archer Armor
39:11 Conscription
39:39 Ring Archer Armor
40:22 Chemistry
40:42 Two-Man Saw
40:06 Siege Ram
40:52 Hussar
44:48 Scale Barding Armor
45:18 Iron Casting
45:16 Plate Mail Armor
Connection lost

Rejoining the realm…

Still unreachable

The connection could not be restored.

Session expired

The server has moved on; the page needs a fresh start.